 Dungeon Crawl Stone Soup version 0.27.1-4-g1640c2035a (webtiles) character file.

Game seed: 9417756150114213911

576 AarnesTheHuman the Shield-Bearer (level 7, -2/56 HPs)
             Began as a Formicid Fighter on Nov 3, 2021.
             Splashed by Ijyb's acid (14 damage)
             ... on level 5 of the Dungeon.
             The game lasted 00:06:58 (4254 turns).

AarnesTheHuman the Shield-Bearer (Formicid Fighter) Turns: 4254, Time: 00:06:59

Health: -2/56      AC:  3    Str: 23    XL:     7   Next: 62%
Magic:  7/7        EV:  8    Int:  7    God:
Gold:   140        SH: 10    Dex: 10    Spells: 6/6 levels left

rFire    . . .     SeeInvis +   a - +1 long sword (venom)
rCold    . . .     Faith    .   c - +0 kite shield
rNeg     . . .     Spirit   .   b - +0 scale mail
rPois    .         Reflect  .   (helmet unavailable)
rElec    .         Harm     .   v - scarf {shadows}
rCorr    .         Rampage  .   (no gloves)
Will     .....                  (no boots)
Stlth    ..........             (no amulet)
HPRegen  0.18/turn              x - +4 ring of protection
MPRegen  0.10/turn              (no ring)

@: corroded
A: permanent stasis, dig shafts and tunnels, antennae 3, four strong arms
a: Dig, Shaft Self


You were on level 5 of the Dungeon.
You visited 1 branch of the dungeon, and saw 6 of its levels.

You collected 140 gold pieces.

Inventory:

Hand Weapons
 a - a +1 long sword of venom (weapon)
 n - a +0 dagger of venom
Missiles
 e - 25 sling bullets
 f - 46 bolts
 h - 34 stones
 s - 7 boomerangs
Armour
 b - a +0 scale mail (worn)
 c - a +0 kite shield (worn)
 v - a scarf of shadows (worn)
Jewellery
 x - a +4 ring of protection (left hand)
Scrolls
 g - a scroll of identify
 q - a scroll of amnesia
Potions
 d - a potion of might
 l - 2 potions of heal wounds
 r - a potion of cancellation
 z - a potion of attraction
 A - a potion of flight


   Skills:
 + Level 5.3 Fighting
 + Level 4.2 Long Blades
 + Level 5.3 Armour
 + Level 5.8 Shields


You had 6 spell levels left.
You didn't know any spells.
Your spell library contained the following spells:

 Spells                   Type           Power      Damage    Failure   Level
 Sublimation of Blood     Necr           0%         N/A       97%         2
 Wereblood                Tmut           0%         N/A       97%         2
 Inner Flame              Hex/Fire       0%         N/A       100%        3
 Cause Fear               Hex            0%         N/A       100%        4
 Summon Hydra             Summ           0%         N/A       100%        7
 Discord                  Hex            0%         N/A       100%        8


Dungeon Overview and Level Annotations

Branches:
Dungeon (6/15)
 Temple: D:4-7

Altars:
Dithmenos
Gozag

Shops:
D:5 *

Annotations:
D:5 Ijyb


Innate Abilities, Weirdness & Mutations

You cannot be hasted, slowed, berserked, paralysed or teleported.
You can dig through walls and to a lower floor.
You have a pair of large antennae on your head. (SInv)
Your four strong arms can wield two-handed weapons with a shield.


Message History

You barely miss the iguana.
The iguana is heavily wounded.
The iguana bites you but does no damage.
The iguana bites you!
You hit the iguana but do no damage.
The iguana looks as sick as possible!
The iguana is severely wounded.
The iguana bites you!
You are too injured to fight recklessly!
You hit the iguana.
The iguana is almost dead.
You kill the iguana!
g - a scroll of identify You don't have any unidentified items.
Unknown command.
h - 34 stones (gained 16)
Found 8 sling bullets.
e - 25 sling bullets (gained 8)
You open the door.
There is an open door here.
You now have 140 gold pieces (gained 17).
An adder comes into view.
The adder hisses angrily.
Ijyb the Twisted Goblin comes into view.
She is wielding a +0 dagger, wearing a +0 scale mail of poison resistance and carrying a wand of acid (4).
A water moccasin skeleton comes into view.
The adder barely misses you.
You barely miss the adder. You block the adder's attack.
The adder bites you but does no damage.
You barely miss the adder. The adder bites you but does no damage.
You block the adder's attack. You block the adder's attack.
You hit Ijyb but do no damage. Ijyb hits you but does no damage.
Your shield and scale mail prevent you from hitting Ijyb.
You block Ijyb's attack. Ijyb closely misses you.
You completely miss Ijyb. Ijyb hits you with a +0 dagger.
You closely miss Ijyb.
Ijyb zaps a wand.
The bolt of acid hits you! The acid corrodes you!
You are splashed with acid!
You barely miss Ijyb.
Ijyb zaps a wand.
The bolt of acid hits you!
* * * LOW HITPOINT WARNING * * *
The acid corrodes you!
You are splashed with acid!
You die...

... ...# #.# #..# . .#
#.# #..#####.# ..
######.####........# ..
.................... .#
#......Z........... .. ..
#.###.#S##......... .
.....##.# #.#g##....##...
.###..#.##.# #.#@##......
..
#......##.###.#.##...###.
.#.#.........#.#.##.... .
.#...............##.....
.#.##...............
##.###..##.#.#.#+##+##
##...#.<.............#
.....#.#####.##......#
##.#...#####.##......+


You could see Ijyb, an adder and a water moccasin skeleton.

Vanquished Creatures
  An ogre (D:5)
  A phantom (D:5)
  A bullfrog (D:6)
  A water moccasin zombie (D:5)
  A bullfrog zombie (D:5)
  A centaur skeleton (D:4)
  A hound (D:5)
  An iguana (D:5)
  6 adders
  4 gnolls (D:4)
  A white imp (D:4)
  4 worms
  4 dart slugs
  An orc (D:5)
  8 endoplasms
  A giant cockroach (D:1)
  3 goblins
  6 hobgoblins
  11 kobolds
  4 quokkas
  6 ball pythons
  7 bats
  A frilled lizard (D:1)
  5 rats
80 creatures vanquished.

Notes
Turn   | Place    | Note
-------+----------+-------------------------------------------
     0 | D:1      | AarnesTheHuman the Formicid Fighter began the quest for the
                  | Orb.
     0 | D:1      | Reached XP level 1. HP: 18/18 MP: 1/1
   211 | D:1      | Reached XP level 2. HP: 24/24 MP: 2/2
   312 | D:1      | Reached XP level 3. HP: 27/29 MP: 3/3
   394 | D:1      | Noticed a shining eye
   397 | D:1      | Noticed a floating eye
   400 | D:1      | Found a faded altar of an unknown god.
   402 | D:1      | Noticed a floating eye
   402 | D:1      | Noticed an eye of devastation
  1265 | D:2      | Reached XP level 4. HP: 35/37 MP: 4/4
  1735 | D:3      | You fall into a shaft and drop 1 floor!
  2178 | D:3      | Found a shadowy altar of Dithmenos.
  2197 | D:3      | Reached XP level 5. HP: 35/42 MP: 5/5
  2426 | D:3      | You fall into a shaft and drop 2 floors!
  2426 | D:5      | Entered Level 5 of the Dungeon
  2435 | D:5      | Noticed a phantom
  2483 | D:5      | Killed a phantom
  2484 | D:5      | Reached XP level 6. HP: 17/49 MP: 6/6
  2701 | D:5      | Reached skill level 5 in Shields
  2749 | D:5      | Found an opulent altar of Gozag.
  2761 | D:5      | Found Gozag's Platinum Reserve.
  3516 | D:3      | You fall into a shaft and drop 3 floors!
  3527 | D:6      | Reached skill level 5 in Fighting
  3527 | D:6      | Reached skill level 5 in Armour
  3527 | D:6      | Reached XP level 7. HP: 55/56 MP: 7/7
  4239 | D:5      | Noticed Ijyb
  4254 | D:5      | Splashed by Ijyb's acid

Illustrated notes

Levels and vault maps discovered:
D:1:      erik_arrival_blinker_ship, layout_loops_ring,
          hellmonk_ecumenical_altar_watching_god
D:2:      layout_loops_ring
D:3:      layout_basic, mainiacjoe_overflow_cross_hatched
D:4:      layout_rooms, kennysheep_path_1
D:5:      layout_basic, nicolae_gozag_zags_fifth_avenue, uniq_ijyb
D:6:      layout_cave_pods, uniq_maggie

Skill      XL: |  1  2  3  4  5  6  7 |
---------------+----------------------+-----
Shields        | 4 5 |  5.8
Armour         | 4 5 |  5.3
Fighting       | 4 5 |  5.3
Long Blades    | 3 4 |  4.2

Action                   |  1- 3 |  4- 6 |  7- 9 || total
-------------------------+-------+-------+-------++-------
Melee: Long sword        |    86 |   192 |    27 ||   305
 Abil: Dig               |       |     1 |       ||     1
  Use: Potion            |       |     3 |       ||     3
       Scroll            |       |     1 |    13 ||    14
Armor: Scale mail        |    25 |    92 |     8 ||   125
Dodge: Dodged            |    29 |    72 |     6 ||   107
Block: Kite shield       |    52 |    99 |    12 ||   163
       Rpst.: Long sword |    14 |    19 |     1 ||    34
